 Dungeon Crawl Stone Soup version 0.29.1-15-g9cfb28693d (webtiles) character file.

Game seed: 3938799494911722003

5336 Artool the Nimble (level 10, -7/80 HPs)
             Began as a Demonspawn Gladiator on Apr 5, 2023.
             Killed by vampiric draining
             ... invoked by a vampire
              (15 damage)
             ... on level 9 of the Dungeon.
             The game lasted 00:21:13 (10221 turns).

Artool the Nimble (Demonspawn Gladiator)           Turns: 10221, Time: 00:21:13

Health: -7/80      AC: 20    Str: 16    XL:     10   Next: 38%
Magic:  10/10      EV: 16    Int: 10    God:
Gold:   662        SH:  0    Dex: 17    Spells: 9/9 levels left

rFire   . . .      SeeInvis .   K - +2 whip (flame)
rCold   . . .      Faith    .   (no shield)
rNeg    . . .      Spirit   .   H - +3 ring mail
rPois   .          Reflect  .   c - +0 helmet
rElec   .          Harm     .   u - +0 cloak
rCorr   .          Rampage  .   E - +0 pair of gloves
Will    .....                   (boots unavailable)
Stlth   +.........              G - amulet of magic regeneration
HPRegen 0.23/turn               T - +4 ring of protection
MPRegen 0.52/turn               (no ring)

@: studying 2 skills
A: hooves 3, icy blue scales 2, spiny 1
a: no special abilities


You were on level 9 of the Dungeon.
You visited 2 branches of the dungeon, and saw 10 of its levels.

You collected 662 gold pieces.

Inventory:

Hand Weapons
 K - a +2 whip of flaming (weapon)
Missiles
 d - 6 throwing nets (quivered)
 e - 5 javelins
 x - 12 poisoned darts
Armour
 c - a +0 helmet (worn)
 i - an orb of energy
 u - a +0 cloak (worn)
 E - a +0 pair of gloves (worn)
 H - a +3 ring mail (worn)
 S - a +0 chain mail of poison resistance
Magical Staves
 I - a staff of earth
Jewellery
 G - an amulet of magic regeneration (around neck)
 T - a +4 ring of protection (left hand)
Wands
 s - a wand of polymorph (11)
 C - a wand of flame (34)
 D - a wand of iceblast (5)
 N - a wand of paralysis (15)
Scrolls
 f - 3 scrolls of teleportation {unknown}
 g - 2 scrolls of fear {unknown}
 k - 2 scrolls of vulnerability {unknown}
 m - a scroll of enchant armour {unknown}
 n - 11 scrolls of identify {unknown}
 o - a scroll of acquirement {unknown}
 p - 2 scrolls of blinking {unknown}
 t - a scroll of brand weapon {unknown}
 w - a scroll of silence {unknown}
 F - a scroll of torment {unknown}
 J - 2 scrolls of enchant weapon {unknown}
 L - a scroll of poison {unknown}
 M - a scroll of noise {unknown}
 P - 2 scrolls of amnesia {unknown}
 R - a scroll of fog {unknown}
Potions
 h - a potion of lignification {unknown}
 l - 4 potions of curing
 r - 5 potions of heal wounds {unknown}
 v - a potion of resistance {unknown}
 z - a potion of degeneration {unknown}
 A - a potion of haste {unknown}
 B - 2 potions of flight {unknown}
 O - 2 potions of mutation {unknown}
 Q - a potion of berserk rage {unknown}


   Skills:
 + Level 8.0 Fighting
 + Level 7.6 Maces & Flails
 - Level 1.7 Throwing
 + Level 7.0 Armour
 + Level 10.3 Dodging


You had 9 spell levels left.
You didn't know any spells.
Your spell library contained the following spells:

 Spells                   Type           Power      Damage    Failure   Level
 Beastly Appendage        Tmut           0%         N/A       54%         1
 Foxfire                  Conj/Fire      0%         2x1d4     54%         1
 Slow                     Hex            0%         N/A       54%         1
 Summon Small Mammal      Summ           0%         N/A       54%         1
 Ensorcelled Hibernation  Hex/Ice        0%         N/A       69%         2
 Passwall                 Tmut/Erth      0%         N/A       69%         2
 Wereblood                Tmut           0%         N/A       69%         2
 Call Canine Familiar     Summ           0%         N/A       89%         3
 Confusing Touch          Hex            0%         N/A       89%         3
 Conjure Flame            Conj/Fire      0%         6-21      89%         3
 Inner Flame              Hex/Fire       0%         N/A       89%         3
 Spider Form              Tmut/Pois      0%         N/A       89%         3
 Summon Guardian Golem    Hex/Summ       0%         N/A       89%         3
 Swiftness                Air            0%         N/A       89%         3
 Vampiric Draining        Necr           0%         2d6       89%         3
 Flame Wave               Conj/Fire      0%         2d4       100%        4
 Storm Form               Tmut/Air       0%         N/A       100%        7
 Death's Door             Necr           0%         N/A       100%        9


Dungeon Overview and Level Annotations

Branches:
Dungeon (9/15)             Temple (1/1) D:7
   Lair: D:8-11         Orc: D:9-12

Altars:
Ashenzari
Cheibriados
Dithmenos
Fedhas
Gozag
Hepliaklqana
Kikubaaqudgha
Okawaru
Qazlal
Ru
Trog
Uskayaw
Vehumet
Wu Jian
Xom
Yredelemnul

Shops:
D:1 *

Annotations:
D:6 3 runed translucent doors, ripuliukko's ghost, novice DEEE
D:7 4 runed translucent doors, ripuliukko's ghost, novice DEEE
D:8 Gastronok


Innate Abilities, Weirdness & Mutations

You have hooves in place of feet.
You are mostly covered in icy blue scales. (AC +3)
You are partially covered in sharp spines.


Message History

Something bites you.
* * * LOW HITPOINT WARNING * * *
Something draws strength from your injuries!
You hit something. You burn something. Something hits you but does no damage.
Something barely misses you.
You miss something. Something hits you but does no damage. Something bites you!
* * * LOW HITPOINT WARNING * * *
Something draws strength from your injuries!
You closely miss something. Your kick misses something.
A vampire appears from thin air!
Reactivating autopickup.
You hit the vampire but do no damage. You kick the vampire.
The vampire is moderately damaged.
The vampire is struck by your spines.
The vampire hits you but does no damage.
The vampire bites you but does no damage.
You hit the vampire. You burn the vampire.
The vampire is heavily damaged.
The vampire is struck by your spines.
The vampire hits you but does no damage.
The vampire bites you.
* * * LOW HITPOINT WARNING * * *
The vampire draws strength from your injuries!
You hit the vampire but do no damage. Your kick misses the vampire.
The vampire is severely damaged.
You hit the vampire. You burn the vampire.
The vampire is severely damaged.
The vampire casts a spell at you. You resist with some effort.
Unknown command.
You closely miss the vampire. Your kick misses the vampire.
The vampire is severely damaged.
The vampire hits you but does no damage.
The vampire bites you.
* * * LOW HITPOINT WARNING * * *
The vampire draws strength from your injuries!
You hit the vampire but do no damage.
The vampire is severely damaged.
The vampire draws life force from you!
You die...

≈
#......................
≈
#........>..#'######...
≈ #...........#.# #...
#...........#.# #...
##.#####.#.# #... #.
#.#.# #... # #...# ####
####+#########
#....@.......#
#....V...P...#
#......._..##
#........P.#
#########..........# #
#...............####
####..........###.##
..............# #.#
####..........# #.#


You could see a vampire.

Vanquished Creatures
  A centaur warrior (D:9)
  Pikel (D:3)
  A troll (D:6)
  Prince Ribbit (D:8)
  4 yaks
  3 hogs (D:7)
  A human (D:7)
  An acid dragon (D:8)
  A water moccasin (D:6)
  An orc warrior (D:7)
  A sky beast (D:6)
  3 ogres
  A centaur (D:7)
  3 phantoms
  2 lemures (D:4)
  2 kobold brigands
  2 necrophages (D:5)
  3 bullfrogs (D:6)
  2 scorpions
  7 killer bees (D:9)
  3 howler monkeys
  4 hounds
  An orc priest (D:5)
  A gnoll bouda (D:8)
  A jelly (D:5)
  Crazy Yiuf (D:3)
  Jessica (D:3)
  3 iguanas
  9 orc wizards
  12 gnolls
  8 adders
  2 white imps (D:6)
  A worm (D:3)
  3 dart slugs
  31 orcs
  8 endoplasms
  A giant cockroach (D:1)
  10 goblins
  10 hobgoblins
  A quokka (D:4)
  11 ball pythons
  7 bats
  3 frilled lizards
  17 kobolds
  3 rats
193 creatures vanquished.

Vanquished Creatures (others)
  3 plants
3 creatures vanquished.

Grand Total: 196 creatures vanquished

Notes
Turn   | Place    | Note
-------+----------+-------------------------------------------
     0 | D:1      | Artool the Demonspawn Gladiator began the quest for the
                  | Orb.
     0 | D:1      | Reached XP level 1. HP: 16/16 MP: 1/1
   241 | D:1      | Gained mutation: You are partially covered in sharp spines.
                  | [demonic ancestry]
   241 | D:1      | Reached XP level 2. HP: 22/22 MP: 2/2
   251 | D:1      | Found Caq Cigg's Assorted Antiques.
   380 | D:1      | Found a faded altar of an unknown god.
   563 | D:1      | Got the Omnibus of Bloody Changing
   835 | D:2      | Reached skill level 1 in Armour
   836 | D:2      | Reached skill level 3 in Dodging
   839 | D:2      | Gained mutation: You have large cloven feet. [demonic
                  | ancestry]
   839 | D:2      | Reached XP level 3. HP: 23/28 MP: 3/3
  1824 | D:3      | Gained mutation: You are partially covered in icy blue
                  | scales. (AC +2) [demonic ancestry]
  1824 | D:3      | Reached XP level 4. HP: 33/34 MP: 4/4
  1836 | D:3      | Found a hazy altar of Hepliaklqana.
  2077 | D:3      | Found a snail-covered altar of Cheibriados.
  2181 | D:3      | Noticed Jessica
  2192 | D:3      | Killed Jessica
  2469 | D:3      | Found a runed translucent door.
  2470 | D:3      | Noticed Crazy Yiuf
  2602 | D:3      | Killed Crazy Yiuf
  2603 | D:3      | Gained mutation: You have hoof-like feet. [demonic
                  | ancestry]
  2603 | D:3      | Reached XP level 5. HP: 16/41 MP: 5/5
  3020 | D:4      | Noticed an ogre
  3038 | D:4      | Killed an ogre
  3039 | D:4      | Reached skill level 4 in Dodging
  3451 | D:4      | Noticed a lemure
  3451 | D:4      | Noticed a lemure
  3459 | D:4      | Killed a lemure
  3469 | D:4      | Killed a lemure
  3643 | D:4      | Noticed Pikel
  3644 | D:4      | Noticed a lemure
  3682 | D:3      | Killed Pikel
  3683 | D:3      | Reached skill level 5 in Dodging
  3683 | D:3      | Gained mutation: You have hooves in place of feet. [demonic
                  | ancestry]
  3683 | D:3      | Reached XP level 6. HP: 32/49 MP: 6/6
  3683 | D:3      | Gained mutation: You are mostly covered in icy blue scales.
                  | (AC +3) [demonic ancestry]
  3683 | D:3      | Reached XP level 7. HP: 36/55 MP: 7/7
  4014 | D:5      | Entered Level 5 of the Dungeon
  4089 | D:5      | Reached skill level 6 in Dodging
  4392 | D:5      | Reached skill level 5 in Maces & Flails
  4393 | D:5      | Reached skill level 5 in Fighting
  4393 | D:5      | Reached XP level 8. HP: 58/62 MP: 8/8
  4869 | D:6      | Found a radiant altar of Vehumet.
  5036 | D:6      | Reached skill level 7 in Dodging
  5103 | D:6      | Noticed a troll
  5426 | D:6      | Found a runed translucent gate.
  5426 | D:6      | Found a runed translucent gate.
  5426 | D:6      | Found a runed translucent gate.
  5431 | D:6      | Noticed ripuliukko's ghost (novice DEEE)
  5431 | D:6      | Noticed a spectral unseen horror
  5701 | D:6      | Reached skill level 5 in Armour
  6232 | D:6      | Killed a troll
  6233 | D:6      | Reached skill level 8 in Dodging
  6233 | D:6      | Reached XP level 9. HP: 11/69 MP: 9/9
  7574 | D:7      | Found a runed translucent gate.
  7575 | D:7      | Found a runed translucent gate.
  7575 | D:7      | Found a runed translucent gate.
  7576 | D:7      | Noticed ripuliukko's ghost (novice DEEE)
  7613 | D:7      | Found a staircase to the Ecumenical Temple.
  7617 | Temple   | Entered the Ecumenical Temple
  7878 | D:7      | Found an opulent altar of Gozag.
  8054 | D:7      | Found a runed translucent door.
  8083 | D:7      | Reached skill level 9 in Dodging
  8468 | D:8      | Noticed Gastronok
  8547 | D:8      | Noticed Prince Ribbit
  8563 | D:8      | Killed Prince Ribbit
  8830 | D:8      | Found a bloodstained altar of Trog.
  8944 | D:8      | Reached XP level 10. HP: 15/79 MP: 10/10
  9530 | D:9      | Noticed a centaur warrior
  9542 | D:9      | Killed a centaur warrior
  9543 | D:9      | Reached skill level 10 in Dodging
 10163 | D:9      | Found a blossoming altar of Fedhas.
 10221 | D:9      | Killed from afar by a vampire

Illustrated notes

Levels and vault maps discovered:
D:1:      tarquinn_simple_flora_water_d, layout_loops_cross,
          nicolae_ecumenical_snake_handling, serial_shops, shop
D:2:      layout_loops_cross
D:3:      layout_basic, cheibrodos_worm_habitat, nzn_hepliaklqana_mist_gate,
          lemuel_crystal_altar, uniq_crazy_yiuf_cottage, uniq_jessica
D:4:      layout_loops_cross, minmay_misc_feat_iff, kennysheep_generic_room_11,
          uniq_pikel
D:5:      layout_rooms
D:6:      layout_layer_cave, vehumet_altar_wand_db, gammafunk_ghost_necromancy,
          minmay_manual_mail
D:7:      layout_cave_pools, kennysheep_mini_moat, nicolae_gozag_seed_capital,
          minmay_temple_entry_glassed_door, ebering_ghost_rock_garden,
          nrook_uturn, chequers_serial_rivers_small_a, grunt_livestock,
          lightli_church_of_beogh
D:8:      layout_loops_ring, lemuel_doored_altar, nicolae_shop_dragon_depot,
          uniq_prince_ribbit1, uniq_gastronok
D:9:      layout_basic, lemuel_coloured_pillars_altar, fedhas_altar_1,
          lemuel_round_altar, minivault_4, hangedman_abyss_or_decor_stagger
Temple:   jpeg_temple_clearing

Skill      XL: |  1  2  3  4  5  6  7  8  9 10 |
---------------+-------------------------------+-----
Maces & Flails | 3 4 5 6 7 |  7.6
Armour         | 1 3 4 5 6 7 |  7.0
Dodging        | 3 5 6 8 9 10 | 10.3
Fighting       | 3 4 5 6 7 8 |  8.0
Throwing       | |  1.7

Action                   |  1- 3 |  4- 6 |  7- 9 | 10-12 || total
-------------------------+-------+-------+-------+-------++-------
Melee: Flail             |    68 |       |       |       ||    68
       Kick              |     9 |    21 |   119 |    26 ||   175
       Short sword       |     2 |    72 |       |       ||    74
       Whip              |       |       |   358 |    95 ||   453
       Punch             |       |       |     5 |     1 ||     6
Throw: Throwing net      |       |       |     1 |       ||     1
Evoke: Wand              |       |       |     2 |       ||     2
  Use: Potion            |       |       |       |     1 ||     1
 Stab: Sleeping          |     1 |       |       |       ||     1
       Invisible         |       |     1 |       |       ||     1
Armor: Leather armour    |    10 |       |       |       ||    10
       Chain mail        |    14 |    24 |   105 |       ||   143
       Ring mail         |       |       |    32 |    63 ||    95
Dodge: Dodged            |    29 |    14 |   160 |    49 ||   252
